AoeStats
← bela29318

Black Forest

510319680Analyzed
3v3 RM · 20h ago on Sep 30, 2026· 52m 10s· 6 players
Game mode
Random Map
Map size
Normal (6 player)
Population
200
Speed
Normal
Resources
Standard
Victory
Conquest
Starting age
Dark Age
Ending age
Imperial Age
RankedLock teamsTeams togetherTeam positionsShared explorationLock speedFull tech treeHidden civsTurbo modeCheats
Victory
Defeat
🇨🇱 Teutons · Chile
731
+14
🇮🇹 Celts · Italy
703
+15
646
+18
🇮🇳 Georgians · India
726
-17
🇺🇸 Portuguese · United States
687
-18
🇮🇩 Spanish · Indonesia
639
-14
FILIPINA BACOT
0:34 Loom
15:10 Feudal Age
17:35 Horse Collar
22:11 Double-Bit Axe
25:00 Castle Age
24:43 Bloodlines
24:47 Forging
24:43 Scale Barding Armor
bela29318
8:55 Loom
12:28 Feudal Age
12:57 Double-Bit Axe
17:29 Castle Age
15:20 Horse Collar
17:08 Wheelbarrow
18:40 Bow Saw
19:43 Hand Cart
21:28 Heavy Plow
23:45 Town Watch
24:04 Gold Mining
24:04 Stone Mining
MongolRally
11:15 Feudal Age
12:35 Wheelbarrow
12:24 Double-Bit Axe
13:53 Horse Collar
14:32 Loom
17:33 Gold Mining
21:29 Castle Age
19:41 Stone Mining
20:03 Fletching
21:24 Forging
21:16 Padded Archer Armor
21:18 Scale Mail Armor
21:47 Scale Barding Armor
23:18 Hand Cart
25:39 Stone Shaft Mining
25:17 Bow Saw
25:23 Heavy Plow
31:51 Iron Casting
35:24 Imperial Age
33:56 Husbandry
40:03 Cavalier
41:19 Elite Organ Gun
49:47 Arson
51:26 Pikeman
All Along the Watchtower
0:26 Loom
13:10 Feudal Age
14:28 Wheelbarrow
15:19 Double-Bit Axe
17:28 Horse Collar
20:41 Gold Mining
20:48 Stone Mining
23:32 Castle Age
24:27 Hand Cart
24:26 Bow Saw
24:21 Heavy Plow
25:32 Stone Shaft Mining
26:59 Caravan
33:57 Imperial Age
33:36 Pikeman
34:16 Squires
33:38 Elite Skirmisher
36:01 Two-Man Saw
38:03 Crop Rotation
40:32 Arson
41:05 Forging
40:55 Scale Mail Armor
40:56 Padded Archer Armor
40:47 Fletching
41:02 Scale Barding Armor
43:51 Iron Casting
43:31 Chain Mail Armor
43:31 Leather Archer Armor
44:00 Bodkin Arrow
45:11 Chemistry
44:32 Ballistics
44:09 Murder Holes
44:26 Fortified Wall
45:21 Halberdier
46:28 Conscription
46:09 Tower Shields
46:07 Town Watch
47:14 Onager
48:34 Hoardings
48:43 Chain Barding Armor
48:54 Ring Archer Armor
48:24 Bracer
49:30 Elite Leitis
50:52 Plate Barding Armor
51:50 Devotion
salvo.anfuso
0:40 Loom
11:52 Feudal Age
25:18 Castle Age
24:24 Double-Bit Axe
24:37 Horse Collar
25:19 Gold Mining
27:51 Wheelbarrow
28:42 Gold Shaft Mining
28:48 Heavy Plow
29:03 Town Watch
30:11 Bow Saw
31:42 Hand Cart
32:04 Caravan
34:13 Coinage
42:16 Imperial Age
40:13 Scale Barding Armor
40:09 Scale Mail Armor
40:10 Padded Archer Armor
40:01 Fletching
40:22 Forging
42:20 Chain Mail Armor
42:26 Chain Barding Armor
42:21 Onager
44:35 Siege Onager
44:36 Heavy Scorpion
46:57 Elite Woad Raider
JUNIORPLAYBOY
4:38 Loom
12:00 Feudal Age
12:45 Double-Bit Axe
12:45 Horse Collar
14:14 Wheelbarrow
20:47 Castle Age
21:48 Bow Saw
24:26 Forging
24:20 Scale Mail Armor
25:30 Hand Cart
28:39 Iron Casting
30:24 Chain Mail Armor
32:44 Ironclad
36:20 Arson
36:35 Squires
39:14 Imperial Age
39:34 Capped Ram
39:38 Elite Teutonic Knight
41:50 Town Watch
45:52 Chemistry
45:15 Ballistics
46:11 Blast Furnace
45:42 Plate Mail Armor
45:02 Fletching
47:01 Gambesons
46:38 Pikeman
47:38 Halberdier
48:57 Caravan
Connection lost

Rejoining the realm…

Still unreachable

The connection could not be restored.

Session expired

The server has moved on; the page needs a fresh start.